AoeStats
← Birdy

Arabia

504201781Analyzed
1v1 RM · 27d ago on Sep 4, 2026· 36m 44s· 2 players
Game mode
Random Map
Map size
Tiny (2 player)
Population
200
Speed
Normal
Resources
Standard
Victory
Conquest
Starting age
Dark Age
Ending age
Imperial Age
RankedLock teamsTeams togetherTeam positionsShared explorationLock speedFull tech treeHidden civsTurbo modeCheats
Victory
Defeat
🇦🇷 Vietnamese · Argentina
1062
+17
🇺🇸 Lithuanians · United States
1092
-17
Pingocho
6:38 Loom
9:27 Feudal Age
15:58 Double-Bit Axe
16:52 Horse Collar
22:06 Castle Age
23:01 Bloodlines
22:59 Scale Barding Armor
23:05 Forging
23:27 Town Watch
31:01 Elite Skirmisher
Birdy
7:00 Loom
9:12 Feudal Age
16:35 Double-Bit Axe
22:23 Castle Age
23:37 Elite Skirmisher
23:39 Pikeman
25:44 Scale Mail Armor
25:59 Squires
30:31 Fletching
Connection lost

Rejoining the realm…

Still unreachable

The connection could not be restored.

Session expired

The server has moved on; the page needs a fresh start.